Sharks vs Oilers

Created - September-10-13 at 18:02

Simulating a Pre-Season

Goals
1 2 3 T
Sharks 3 1 2 6
Oilers 1 1 0 2
Shots
1 2 3 T
Sharks 9 7 10 26
Oilers 7 4 3 14

1st period

1. Sharks , Shane Doan 1 (Alex Tanguay, Raphael Diaz) at 5:54 (PP)
2. Oilers , Derek Roy 1 (Maxime Talbot, Chris Phillips) at 12:17
3. Sharks , Shane Doan 2 (Mike Ribeiro, Kyle Quincey) at 14:03
4. Sharks , Jannik Hansen 2 (Tyler Bozak) at 17:44

Penalties :
Drew Miller (EDM) for Hooking (Minor) at 5:41, Scott Hannan (EDM) for Roughing (Double Minor) at 8:05, Kyle Quincey (SJS) for Cross-checking (Minor) at 15:34, Nicklas Grossmann (EDM) for Hooking (Minor) at 19:26

2nd period

5. Sharks , Tyler Bozak 1 (Jannik Hansen) at 1:19 (PP)
6. Oilers , Drew Miller 1 (Dustin Jeffrey, Erik Gustafsson) at 7:32

Penalties :
Kyle Quincey (SJS) for Slashing (Minor) at 1:32, Drew Miller (EDM) for Interference (Minor) at 12:03, Nicklas Grossmann (EDM) for Tripping (Minor) at 17:07

3rd period

7. Sharks , Alex Tanguay 1 (Mike Ribeiro, Andrew Ference) at 2:34
8. Sharks , Michael Kostka 1 (Mike Ribeiro, Shane Doan) at 5:46 (PP)

Penalties :
Colin McDonald (EDM) for High sticking (Minor) at 4:43, Andrew Ference (SJS) for Holding (Minor) at 14:07, Andrew Shaw (SJS) for Holding Stick (Minor) at 17:03

Goalie Stats

Brian Elliott (SJS), 12 saves from 14 shots - (0.857), W, 1-0-0, 60:00 minutes
Ben Scrivens (EDM), 7 saves from 11 shots - (0.636), L, 0-1-0, 21:19 minutes
Kari Lehtonen (EDM), 13 saves from 15 shots - (0.867), 38:41 minutes

Players Stats for Sharks

Player Name              G  A  P  +/- PIM S  H  SB GA TA FO     MP     PP MP  PK MP  
------------------------------------------------------------------------------------
Alex Tanguay             1  1  2   2  0   5  0  0  0  0  0/2    19:33   5:46   0:00 
Andrew Ference           0  1  1   1  2   0  3  0  0  0  0/0    15:43   3:32   0:31 
Andrew Shaw              0  0  0  -1  2   1  1  0  0  0  2/10   11:49   0:13   1:23 
David Schlemko           0  0  0   0  0   1  2  2  0  0  0/0    25:46   6:15   4:27 
Drew Stafford            0  0  0  -1  0   1  0  0  0  0  0/0     9:32   0:00   0:46 
Jannik Hansen            1  1  2   1  0   3  1  1  0  0  0/0    19:05   5:20   2:05 
Kyle Quincey             0  1  1   1  4   1  2  0  0  0  0/0    20:41   0:33   1:18 
Kyle Turris              0  0  0  -1  0   0  0  0  0  0  5/8     8:50   0:00   2:05 
Lauri Korpikoski         0  0  0  -1  0   0  1  0  0  0  2/9    11:46   0:00   5:01 
Martin Havlat            0  0  0  -1  0   1  0  0  0  0  0/3     6:45   0:00   0:00 
Matt Niskanen            0  0  0  -1  0   0  3  0  0  0  0/0    24:20   6:29   4:18 
Michael Kostka           1  0  1   0  0   1  2  0  0  0  0/0    23:07   3:11   4:31 
Mike Ribeiro             0  3  3   2  0   0  2  0  0  0  10/19  21:03   5:46   0:08 
Nik Antropov             0  0  0  -1  0   1  0  0  0  0  0/1     8:46   0:00   0:00 
Raphael Diaz             0  1  1   1  0   0  0  2  0  0  0/0     7:09   1:59   0:39 
Ryan Malone              0  0  0   1  0   3  1  0  0  0  0/2    17:00   5:20   0:00 
Shane Doan               2  1  3   2  0   3  4  0  0  0  1/1    24:05   5:46   4:32 
Tyler Bozak              1  1  2   1  0   5  3  0  0  0  18/26  17:00   5:20   0:00 

Players Stats for Oilers

Player Name              G  A  P  +/- PIM S  H  SB GA TA FO     MP     PP MP  PK MP  
------------------------------------------------------------------------------------
Adam Burish              0  0  0  -1  0   0  1  1  0  0  3/8     9:17   0:00   3:20 
Chad Ruhwedel            0  0  0   1  0   0  2  1  0  0  0/0    17:54   0:00   5:35 
Chris Phillips           0  1  1  -1  0   2  1  0  0  0  0/0    25:28   4:27   5:41 
Colin McDonald           0  0  0  -1  2   0  0  0  0  0  1/1    13:56   3:21   0:00 
David Ullstrom           0  0  0   0  0   1  0  0  0  0  1/2    11:06   0:00   2:36 
Derek Roy                1  0  1   1  0   3  0  0  0  0  14/28  20:56   4:35   0:26 
Drew Miller              1  0  1   0  4   1  1  0  0  0  0/1    12:40   0:00   4:12 
Dustin Jeffrey           0  1  1   0  0   0  0  0  0  0  10/15  13:05   3:21   1:14 
Erik Gustafsson          0  1  1   1  0   1  2  4  0  0  0/0    19:29   3:29   3:37 
Jakub Voracek            0  0  0   1  0   2  1  0  0  0  1/1    20:30   4:35   0:00 
Jochen Hecht             0  0  0  -1  0   1  0  0  0  0  12/23  20:46   3:21   6:49 
Justin Schultz           0  0  0  -1  0   0  1  1  0  0  0/0    18:24   4:27   0:38 
Maxime Talbot            0  1  1   1  0   1  4  0  0  0  1/2    20:54   4:35   0:24 
Mike Angelidis           0  0  0  -1  0   0  0  0  0  0  0/0     9:08   0:00   3:11 
Nicklas Grossmann        0  0  0  -2  4   0  3  2  0  0  0/0    17:49   0:00   3:52 
Reilly Smith             0  0  0  -1  0   1  1  0  0  0  0/0     5:57   0:00   0:00 
Ruslan Fedotenko         0  0  0  -1  0   0  0  0  0  0  0/0    10:36   0:00   0:00 
Scott Hannan             0  0  0   0  4   1  3  0  0  0  0/0    20:53   3:29   2:49 

3 Stars

1 - Shane Doan (SJS)
2 - Mike Ribeiro (SJS)
3 - Tyler Bozak (SJS)

Power Play

Sharks - 3 on 7 Attempt(s) - 42.86%
Oilers - 0 on 4 Attempt(s) - 0.00%

Penalty Kill

Sharks - 4 on 4 Attempt(s) - 100.00% - Score 0 goal in Penalty Kill
Oilers - 4 on 7 Attempt(s) - 57.14% - Score 0 goal in Penalty Kill

Official

Referees : Tim Peel and Francis Charron
Linesman : Lonnie Cameron and Scott Driscoll

Game Notes

Raphael Diaz is injured at 17:28 of 1st period (Bruised Right Shoulder)
Kari Lehtonen enters game at 1:19 of 2nd period

% Time on Ice - Sharks

Lines # - Real PCT - Wanted PCT - Time Play
Normal Forward
1 - 34% - 40% - 13:47
2 - 28% - 30% - 11:40
3 - 16% - 15% - 6:45
4 - 21% - 15% - 8:46
Normal Defense
1 - 49% - 35% - 19:58
2 - 15% - 30% - 6:00
3 - 20% - 20% - 8:03
4 - 17% - 15% - 6:57
PP Forward
1 - 52% - 70% - 5:46
2 - 48% - 30% - 5:20
PP Defense
1 - 87% - 70% - 9:40
2 - 13% - 30% - 1:26
PK Forward
1 - 74% - 65% - 5:51
2 - 26% - 35% - 2:05
PK Defense
1 - 53% - 65% - 4:14
2 - 47% - 35% - 3:42
PK3 Forward
1 - 0% - 70%
2 - 0% - 30%
PK3 Defense
1 - 0% - 70%
2 - 0% - 30%
44 Forward
1 - 0% - 60%
2 - 0% - 40%
44 Defense
1 - 0% - 60%
2 - 0% - 40%
Last Minute Offensive  - 0:00
Last Minute Defensive  - 0:00
Total
Forward - 60:00
Defense - 60:00

% Time on Ice - Oilers

Lines # - Real PCT - Wanted PCT - Time Play
Normal Forward
1 - 39% - 40% - 15:55
2 - 26% - 30% - 10:36
3 - 21% - 20% - 8:30
4 - 15% - 10% - 5:57
Normal Defense
1 - 34% - 33% - 13:59
2 - 32% - 30% - 13:15
3 - 30% - 27% - 12:23
4 - 3% - 10% - 1:21
PP Forward
1 - 58% - 60% - 4:35
2 - 42% - 40% - 3:21
PP Defense
1 - 56% - 60% - 4:27
2 - 44% - 40% - 3:29
PK Forward
1 - 71% - 60% - 7:55
2 - 29% - 40% - 3:11
PK Defense
1 - 57% - 60% - 6:20
2 - 43% - 40% - 4:46
PK3 Forward
1 - 0% - 60%
2 - 0% - 40%
PK3 Defense
1 - 0% - 60%
2 - 0% - 40%
44 Forward
1 - 0% - 60%
2 - 0% - 40%
44 Defense
1 - 0% - 60%
2 - 0% - 40%
Last Minute Offensive  - 0:00
Last Minute Defensive  - 0:00
Total
Forward - 60:00
Defense - 60:00

Play by Play

1st period


0:01 of 1st period - Derek Roy wins face-off versus Alex Tanguay in neutral zone.
0:14 of 1st period - Shot by Jakub Voracek.
0:14 of 1st period - Stopped by Brian Elliott without a rebound.
0:15 of 1st period - Jochen Hecht wins face-off versus Ryan Malone in Sharks zone.
0:20 of 1st period - Shot by Colin McDonald.
0:20 of 1st period - Shot Blocked by Jannik Hansen.
0:22 of 1st period - Shot by Ruslan Fedotenko.
0:22 of 1st period - Shot Misses the Net.
0:24 of 1st period - Shot by Scott Hannan.
0:24 of 1st period - Stopped by Brian Elliott without a rebound.
0:25 of 1st period - Dustin Jeffrey wins face-off versus Kyle Turris in Sharks zone.
0:26 of 1st period - Shot by Drew Miller.
0:26 of 1st period - Shot Misses the Net.
3:01 of 1st period - Chris Phillips is hit by Mike Ribeiro and loses puck.
3:23 of 1st period - Colin McDonald is hit by Kyle Quincey and loses puck.
3:42 of 1st period - Shot by Mike Angelidis.
3:42 of 1st period - Shot Misses the Net.
3:45 of 1st period - Icing by Raphael Diaz.
3:46 of 1st period - Tyler Bozak wins face-off versus Maxime Talbot in Sharks zone.
4:17 of 1st period - Off-side.
4:18 of 1st period - Adam Burish wins face-off versus Andrew Shaw in neutral zone.
4:30 of 1st period - Icing by Andrew Shaw.
4:31 of 1st period - Dustin Jeffrey wins face-off versus Andrew Shaw in Sharks zone.
4:34 of 1st period - Shot by David Ullstrom.
4:34 of 1st period - Stopped by Brian Elliott without a rebound.
4:35 of 1st period - Derek Roy wins face-off versus Andrew Shaw in Sharks zone.
4:42 of 1st period - Shot by Erik Gustafsson.
4:42 of 1st period - Stopped by Brian Elliott with a rebound.
4:46 of 1st period - Shot by Derek Roy.
4:46 of 1st period - Shot Misses the Net.
4:50 of 1st period - Shot by Jakub Voracek.
4:50 of 1st period - Stopped by Brian Elliott with a rebound.
5:12 of 1st period - Shot by Maxime Talbot.
5:12 of 1st period - Shot Misses the Net.
5:14 of 1st period - Shot by Jakub Voracek.
5:14 of 1st period - Deflect By Derek Roy.
5:14 of 1st period - Stopped by Brian Elliott with a rebound.
5:41 of 1st period - Minor Penalty to Drew Miller for Hooking.
5:42 of 1st period - Jochen Hecht wins face-off versus Mike Ribeiro in Oilers zone.
5:54 of 1st period - Shot by Alex Tanguay.
5:54 of 1st period - Deflect By Shane Doan.
5:54 of 1st period - Goal by Shane Doan - Sharks : 1 - Oilers : 0.
5:55 of 1st period - Tyler Bozak wins face-off versus Dustin Jeffrey in neutral zone.
6:07 of 1st period - Jannik Hansen is hit by Scott Hannan and loses puck.
6:26 of 1st period - Shot by David Ullstrom.
6:26 of 1st period - Shot Blocked by Raphael Diaz.
6:55 of 1st period - Alex Tanguay is hit by Scott Hannan and loses puck.
7:00 of 1st period - Shot by Shane Doan.
7:00 of 1st period - Shot Misses the Net.
7:02 of 1st period - Shot by Alex Tanguay.
7:02 of 1st period - Shot Misses the Net.
7:23 of 1st period - Shane Doan is hit by Justin Schultz and loses puck.
7:36 of 1st period - Shot by Lauri Korpikoski.
7:36 of 1st period - Shot Misses the Net.
7:38 of 1st period - Shot by Kyle Quincey.
7:38 of 1st period - Shot Misses the Net.
8:03 of 1st period - Kyle Turris is hit by Scott Hannan and loses puck.
8:05 of 1st period - Double Minor Penalty to Scott Hannan for Roughing.
8:06 of 1st period - Tyler Bozak wins face-off versus Jochen Hecht in Oilers zone.
8:07 of 1st period - Shot by David Schlemko.
8:07 of 1st period - Shot Blocked by Nicklas Grossmann.
8:27 of 1st period - Shot by Ryan Malone.
8:27 of 1st period - Deflect By Tyler Bozak.
8:27 of 1st period - Stopped by Ben Scrivens without a rebound.
8:28 of 1st period - Mike Ribeiro wins face-off versus Jochen Hecht in Oilers zone.
8:59 of 1st period - Chris Phillips is hit by Shane Doan and loses puck.
9:23 of 1st period - Off-side.
9:24 of 1st period - Adam Burish wins face-off versus Tyler Bozak in neutral zone.
9:24 of 1st period - Adam Burish is hit by Ryan Malone.
9:49 of 1st period - Off-side.
9:50 of 1st period - Jochen Hecht wins face-off versus Mike Ribeiro in neutral zone.
10:11 of 1st period - Icing by Shane Doan.
10:12 of 1st period - Mike Ribeiro wins face-off versus Jochen Hecht in Sharks zone.
10:54 of 1st period - Shot by Jannik Hansen.
10:54 of 1st period - Shot Blocked by Adam Burish.
11:12 of 1st period - Shot by Tyler Bozak.
11:12 of 1st period - Shot Misses the Net.
11:30 of 1st period - Nicklas Grossmann is hit by Jannik Hansen and loses puck.
12:17 of 1st period - Shot by Maxime Talbot.
12:17 of 1st period - Deflect By Derek Roy.
12:17 of 1st period - Goal by Derek Roy - Sharks : 1 - Oilers : 1.
12:18 of 1st period - Kyle Turris wins face-off versus Derek Roy in neutral zone.
12:23 of 1st period - Shot by Martin Havlat.
12:23 of 1st period - Stopped by Ben Scrivens without a rebound.
12:24 of 1st period - Derek Roy wins face-off versus Nik Antropov in Oilers zone.
12:35 of 1st period - Shot by Jakub Voracek.
12:35 of 1st period - Shot Misses the Net.
13:23 of 1st period - Icing by Chris Phillips.
13:24 of 1st period - Mike Ribeiro wins face-off versus Jochen Hecht in Oilers zone.
14:03 of 1st period - Shot by Shane Doan.
14:03 of 1st period - Goal by Shane Doan - Sharks : 2 - Oilers : 1.
14:04 of 1st period - Tyler Bozak wins face-off versus Adam Burish in neutral zone.
14:08 of 1st period - Icing by Chad Ruhwedel.
14:09 of 1st period - Tyler Bozak wins face-off versus Adam Burish in Oilers zone.
14:14 of 1st period - Shot by Tyler Bozak.
14:14 of 1st period - Stopped by Ben Scrivens without a rebound.
14:15 of 1st period - Jakub Voracek wins face-off versus Tyler Bozak in Oilers zone.
14:15 of 1st period - Jakub Voracek is hit by Tyler Bozak.
14:36 of 1st period - Icing by Derek Roy.
14:37 of 1st period - Derek Roy wins face-off versus Mike Ribeiro in Oilers zone.
14:39 of 1st period - Icing by Erik Gustafsson.
14:40 of 1st period - Mike Ribeiro wins face-off versus Derek Roy in Oilers zone.
14:47 of 1st period - Shot by Mike Ribeiro.
14:47 of 1st period - Shot Blocked by Erik Gustafsson.
15:34 of 1st period - Minor Penalty to Kyle Quincey for Cross-checking.
15:35 of 1st period - Dustin Jeffrey wins face-off versus Lauri Korpikoski in Sharks zone.
15:36 of 1st period - Shot by Chris Phillips.
15:36 of 1st period - Shot Misses the Net.
16:52 of 1st period - Icing by Scott Hannan.
16:53 of 1st period - Maxime Talbot wins face-off versus Lauri Korpikoski in Oilers zone.
17:28 of 1st period - Shot by Chris Phillips.
17:28 of 1st period - Shot Blocked by Raphael Diaz.
17:28 of 1st period - Raphael Diaz from Sharks is injured at 17:28 of 1st period (Bruised Right Shoulder).
17:29 of 1st period - Andrew Shaw wins face-off versus Dustin Jeffrey in Sharks zone.
17:44 of 1st period - Shot by Jannik Hansen.
17:44 of 1st period - Goal by Jannik Hansen - Sharks : 3 - Oilers : 1.
17:45 of 1st period - Adam Burish wins face-off versus Tyler Bozak in neutral zone.
17:51 of 1st period - Mike Angelidis is hit by David Schlemko and loses puck.
18:07 of 1st period - Shot by Tyler Bozak.
18:07 of 1st period - Shot Misses the Net.
18:17 of 1st period - Shot by Jannik Hansen.
18:17 of 1st period - Shot Blocked by Erik Gustafsson.
18:36 of 1st period - Andrew Shaw is hit by Erik Gustafsson and loses puck.
18:46 of 1st period - Nik Antropov is hit by Erik Gustafsson and loses puck.
18:55 of 1st period - Shot by Andrew Shaw.
18:55 of 1st period - Stopped by Ben Scrivens without a rebound.
18:56 of 1st period - Mike Ribeiro wins face-off versus Derek Roy in Oilers zone.
18:56 of 1st period - Alex Tanguay is hit by Nicklas Grossmann and loses puck.
19:15 of 1st period - Shot by Alex Tanguay.
19:15 of 1st period - Shot Misses the Net.
19:26 of 1st period - Minor Penalty to Nicklas Grossmann for Hooking.
19:27 of 1st period - Tyler Bozak wins face-off versus Drew Miller in Oilers zone.
19:28 of 1st period - Shot by Jannik Hansen.
19:28 of 1st period - Stopped by Ben Scrivens without a rebound.
19:29 of 1st period - Tyler Bozak wins face-off versus Jochen Hecht in Oilers zone.
19:32 of 1st period - Shot by Ryan Malone.
19:32 of 1st period - Shot Misses the Net.
19:34 of 1st period - Shot by Matt Niskanen.
19:34 of 1st period - Shot Misses the Net.
19:36 of 1st period - Shot by David Schlemko.
19:36 of 1st period - Stopped by Ben Scrivens without a rebound.
19:37 of 1st period - Jochen Hecht wins face-off versus Mike Ribeiro in Oilers zone.
19:37 of 1st period - Jochen Hecht is hit by Shane Doan.

2nd period


0:01 of 2nd period - Jochen Hecht wins face-off versus Mike Ribeiro in neutral zone.
1:15 of 2nd period - Shot by Jannik Hansen.
1:15 of 2nd period - Stopped by Ben Scrivens without a rebound.
1:16 of 2nd period - Tyler Bozak wins face-off versus Jochen Hecht in Oilers zone.
1:19 of 2nd period - Shot by Tyler Bozak.
1:19 of 2nd period - Goal by Tyler Bozak - Sharks : 4 - Oilers : 1.
1:19 of 2nd period - Kari Lehtonen enters game.
1:20 of 2nd period - Kyle Turris wins face-off versus Derek Roy in neutral zone.
1:28 of 2nd period - Justin Schultz is hit by Kyle Quincey and loses puck.
1:32 of 2nd period - Minor Penalty to Kyle Quincey for Slashing.
1:33 of 2nd period - Derek Roy wins face-off versus Lauri Korpikoski in Sharks zone.
2:13 of 2nd period - Shot by Jakub Voracek.
2:13 of 2nd period - Shot Misses the Net.
3:17 of 2nd period - Andrew Ference is hit by Maxime Talbot.
3:55 of 2nd period - Shot by Drew Stafford.
3:55 of 2nd period - Stopped by Kari Lehtonen with a rebound.
4:39 of 2nd period - Shot by Chris Phillips.
4:39 of 2nd period - Stopped by Brian Elliott with a rebound.
5:00 of 2nd period - Icing by Chris Phillips.
5:01 of 2nd period - Dustin Jeffrey wins face-off versus Martin Havlat in Oilers zone.
5:01 of 2nd period - Dustin Jeffrey is hit by Lauri Korpikoski.
5:12 of 2nd period - Icing by David Schlemko.
5:13 of 2nd period - Derek Roy wins face-off versus Martin Havlat in Sharks zone.
6:39 of 2nd period - Icing by Justin Schultz.
6:40 of 2nd period - Kyle Turris wins face-off versus Derek Roy in Oilers zone.
6:41 of 2nd period - Shot by Lauri Korpikoski.
6:41 of 2nd period - Shot Misses the Net.
6:43 of 2nd period - Shot by Lauri Korpikoski.
6:43 of 2nd period - Shot Blocked by Justin Schultz.
7:21 of 2nd period - Shot by Jochen Hecht.
7:21 of 2nd period - Shot Misses the Net.
7:24 of 2nd period - Icing by David Schlemko.
7:25 of 2nd period - Dustin Jeffrey wins face-off versus Kyle Turris in Sharks zone.
7:32 of 2nd period - Shot by Drew Miller.
7:32 of 2nd period - Goal by Drew Miller - Sharks : 4 - Oilers : 2.
7:33 of 2nd period - Mike Ribeiro wins face-off versus Dustin Jeffrey in neutral zone.
7:49 of 2nd period - Icing by Chad Ruhwedel.
7:50 of 2nd period - Tyler Bozak wins face-off versus Dustin Jeffrey in Oilers zone.
7:52 of 2nd period - Jannik Hansen is hit by Chad Ruhwedel and loses puck.
8:08 of 2nd period - Dustin Jeffrey is hit by Matt Niskanen and loses puck.
8:36 of 2nd period - Ruslan Fedotenko is hit by Matt Niskanen and loses puck.
8:41 of 2nd period - Shot by Ruslan Fedotenko.
8:41 of 2nd period - Shot Misses the Net.
8:43 of 2nd period - Shot by Ruslan Fedotenko.
8:43 of 2nd period - Shot Misses the Net.
8:53 of 2nd period - Shot by Jochen Hecht.
8:53 of 2nd period - Shot Misses the Net.
9:44 of 2nd period - Shot by Alex Tanguay.
9:44 of 2nd period - Stopped by Kari Lehtonen with a rebound.
9:46 of 2nd period - Shot by Alex Tanguay.
9:46 of 2nd period - Stopped by Kari Lehtonen without a rebound.
9:47 of 2nd period - Andrew Shaw wins face-off versus Adam Burish in Oilers zone.
10:00 of 2nd period - David Schlemko is hit by Reilly Smith.
10:22 of 2nd period - Shot by Nik Antropov.
10:22 of 2nd period - Stopped by Kari Lehtonen without a rebound.
10:23 of 2nd period - Mike Ribeiro wins face-off versus Jochen Hecht in Oilers zone.
10:23 of 2nd period - Alex Tanguay is hit by Chris Phillips and loses puck.
11:21 of 2nd period - Maxime Talbot is hit by Michael Kostka.
11:24 of 2nd period - Derek Roy is hit by Michael Kostka.
11:36 of 2nd period - Shot by Maxime Talbot.
11:36 of 2nd period - Stopped by Brian Elliott with a rebound.
12:03 of 2nd period - Minor Penalty to Drew Miller for Interference.
12:04 of 2nd period - Tyler Bozak wins face-off versus Jochen Hecht in Oilers zone.
12:09 of 2nd period - Shot by Matt Niskanen.
12:09 of 2nd period - Shot Misses the Net.
12:11 of 2nd period - Shot by Andrew Ference.
12:11 of 2nd period - Shot Blocked by Nicklas Grossmann.
12:20 of 2nd period - Jochen Hecht is hit by Andrew Ference and loses puck.
13:10 of 2nd period - Shot by Alex Tanguay.
13:10 of 2nd period - Shot Misses the Net.
13:41 of 2nd period - Shot by Jannik Hansen.
13:41 of 2nd period - Shot Misses the Net.
13:43 of 2nd period - Shot by Tyler Bozak.
13:43 of 2nd period - Shot Misses the Net.
14:00 of 2nd period - Icing by Michael Kostka.
14:01 of 2nd period - Mike Ribeiro wins face-off versus David Ullstrom in Sharks zone.
14:06 of 2nd period - Shot by Jakub Voracek.
14:06 of 2nd period - Deflect By Derek Roy.
14:06 of 2nd period - Stopped by Brian Elliott without a rebound.
14:07 of 2nd period - Derek Roy wins face-off versus Lauri Korpikoski in Sharks zone.
14:26 of 2nd period - Shot by Lauri Korpikoski.
14:26 of 2nd period - Deflect By Martin Havlat.
14:26 of 2nd period - Shot Misses the Net.
14:48 of 2nd period - Icing by Kyle Quincey.
14:49 of 2nd period - Kyle Turris wins face-off versus Adam Burish in Sharks zone.
14:49 of 2nd period - Kyle Turris is hit by Adam Burish.
14:59 of 2nd period - Shot by Reilly Smith.
14:59 of 2nd period - Shot Blocked by David Schlemko.
15:35 of 2nd period - David Ullstrom is hit by Shane Doan.
15:44 of 2nd period - Icing by Michael Kostka.
15:45 of 2nd period - Jochen Hecht wins face-off versus Mike Ribeiro in Sharks zone.
16:06 of 2nd period - Shot by Alex Tanguay.
16:06 of 2nd period - Stopped by Kari Lehtonen without a rebound.
16:07 of 2nd period - Derek Roy wins face-off versus Tyler Bozak in Oilers zone.
17:01 of 2nd period - Andrew Shaw is hit by Nicklas Grossmann and loses puck.
17:07 of 2nd period - Minor Penalty to Nicklas Grossmann for Tripping.
17:08 of 2nd period - Mike Ribeiro wins face-off versus Jochen Hecht in Oilers zone.
18:08 of 2nd period - Icing by Ryan Malone.
18:09 of 2nd period - David Ullstrom wins face-off versus Ryan Malone in Sharks zone.
18:51 of 2nd period - Shot by Shane Doan.
18:51 of 2nd period - Shot Misses the Net.

3rd period


0:01 of 3rd period - Jochen Hecht wins face-off versus Mike Ribeiro in neutral zone.
0:23 of 3rd period - Chris Phillips is hit by Matt Niskanen and loses puck.
0:38 of 3rd period - Shot by Alex Tanguay.
0:38 of 3rd period - Stopped by Kari Lehtonen without a rebound.
0:39 of 3rd period - Tyler Bozak wins face-off versus Derek Roy in Oilers zone.
0:39 of 3rd period - David Schlemko is hit by Chad Ruhwedel.
0:44 of 3rd period - Icing by Jakub Voracek.
0:45 of 3rd period - Tyler Bozak wins face-off versus Derek Roy in Oilers zone.
0:58 of 3rd period - Matt Niskanen is hit by Maxime Talbot and loses puck.
1:33 of 3rd period - Ryan Malone is hit by Maxime Talbot and loses puck.
2:34 of 3rd period - Shot by Alex Tanguay.
2:34 of 3rd period - Goal by Alex Tanguay - Sharks : 5 - Oilers : 2.
2:35 of 3rd period - Dustin Jeffrey wins face-off versus Kyle Turris in neutral zone.
2:44 of 3rd period - Shot by David Ullstrom.
2:44 of 3rd period - Shot Misses the Net.
2:46 of 3rd period - Shot by Justin Schultz.
2:46 of 3rd period - Shot Misses the Net.
4:26 of 3rd period - Icing by Chris Phillips.
4:27 of 3rd period - Tyler Bozak wins face-off versus Jochen Hecht in Oilers zone.
4:43 of 3rd period - Minor Penalty to Colin McDonald for High sticking.
4:44 of 3rd period - Jochen Hecht wins face-off versus Tyler Bozak in Oilers zone.
4:44 of 3rd period - Jochen Hecht is hit by Tyler Bozak.
5:46 of 3rd period - Shot by Michael Kostka.
5:46 of 3rd period - Goal by Michael Kostka - Sharks : 6 - Oilers : 2.
5:47 of 3rd period - Derek Roy wins face-off versus Andrew Shaw in neutral zone.
6:06 of 3rd period - Icing by Maxime Talbot.
6:07 of 3rd period - Shane Doan wins face-off versus Derek Roy in Oilers zone.
8:04 of 3rd period - Icing by David Schlemko.
8:05 of 3rd period - Derek Roy wins face-off versus Andrew Shaw in Sharks zone.
8:11 of 3rd period - Icing by Andrew Shaw.
8:12 of 3rd period - Derek Roy wins face-off versus Andrew Shaw in Sharks zone.
8:40 of 3rd period - Shot by Maxime Talbot.
8:40 of 3rd period - Shot Misses the Net.
9:13 of 3rd period - Icing by Andrew Ference.
9:14 of 3rd period - Jochen Hecht wins face-off versus Alex Tanguay in Sharks zone.
9:14 of 3rd period - Jochen Hecht is hit by Andrew Ference.
9:17 of 3rd period - Colin McDonald is hit by Andrew Ference.
9:31 of 3rd period - Off-side.
9:32 of 3rd period - Dustin Jeffrey wins face-off versus Tyler Bozak in neutral zone.
9:34 of 3rd period - Off-side.
9:35 of 3rd period - Jochen Hecht wins face-off versus Tyler Bozak in neutral zone.
9:47 of 3rd period - Shot by Jochen Hecht.
9:47 of 3rd period - Shot Misses the Net.
9:53 of 3rd period - Shot by Tyler Bozak.
9:53 of 3rd period - Stopped by Kari Lehtonen with a rebound.
9:55 of 3rd period - Shot by Ryan Malone.
9:55 of 3rd period - Stopped by Kari Lehtonen without a rebound.
9:56 of 3rd period - Dustin Jeffrey wins face-off versus Mike Ribeiro in Oilers zone.
9:56 of 3rd period - Dustin Jeffrey is hit by Shane Doan.
10:57 of 3rd period - Shot by Jannik Hansen.
10:57 of 3rd period - Shot Misses the Net.
10:59 of 3rd period - Shot by Ryan Malone.
10:59 of 3rd period - Shot Misses the Net.
11:01 of 3rd period - Shot by Tyler Bozak.
11:01 of 3rd period - Stopped by Kari Lehtonen without a rebound.
11:02 of 3rd period - Jochen Hecht wins face-off versus Martin Havlat in Oilers zone.
11:20 of 3rd period - Icing by Nicklas Grossmann.
11:21 of 3rd period - Jochen Hecht wins face-off versus Mike Ribeiro in Oilers zone.
11:44 of 3rd period - Shot by Jochen Hecht.
11:44 of 3rd period - Stopped by Brian Elliott without a rebound.
11:45 of 3rd period - Tyler Bozak wins face-off versus Derek Roy in Sharks zone.
11:45 of 3rd period - Tyler Bozak is hit by Jakub Voracek.
11:53 of 3rd period - Shot by Ryan Malone.
11:53 of 3rd period - Stopped by Kari Lehtonen with a rebound.
11:55 of 3rd period - Shot by Jannik Hansen.
11:55 of 3rd period - Shot Blocked by Chad Ruhwedel.
12:01 of 3rd period - Shot by Tyler Bozak.
12:01 of 3rd period - Deflect By Ryan Malone.
12:01 of 3rd period - Shot Blocked by Erik Gustafsson.
12:03 of 3rd period - Shot by Tyler Bozak.
12:03 of 3rd period - Shot Misses the Net.
12:05 of 3rd period - Shot by Jannik Hansen.
12:05 of 3rd period - Shot Misses the Net.
12:07 of 3rd period - Shot by Jannik Hansen.
12:07 of 3rd period - Shot Blocked by Erik Gustafsson.
12:17 of 3rd period - Ryan Malone is hit by Maxime Talbot.
12:18 of 3rd period - Icing by Ryan Malone.
12:19 of 3rd period - Tyler Bozak wins face-off versus Adam Burish in Sharks zone.
12:28 of 3rd period - Chris Phillips is hit by Tyler Bozak and loses puck.
13:21 of 3rd period - Off-side.
13:22 of 3rd period - Kyle Turris wins face-off versus Derek Roy in neutral zone.
13:26 of 3rd period - Icing by Chris Phillips.
13:27 of 3rd period - Tyler Bozak wins face-off versus Derek Roy in Oilers zone.
13:27 of 3rd period - Ryan Malone is hit by Nicklas Grossmann and loses puck.
13:45 of 3rd period - Icing by Jannik Hansen.
13:46 of 3rd period - Tyler Bozak wins face-off versus Jochen Hecht in Sharks zone.
14:06 of 3rd period - Icing by Michael Kostka.
14:07 of 3rd period - Derek Roy wins face-off versus Tyler Bozak in Sharks zone.
14:07 of 3rd period - Minor Penalty to Andrew Ference for Holding.
14:08 of 3rd period - Derek Roy wins face-off versus Lauri Korpikoski in Sharks zone.
14:45 of 3rd period - Shot by Jakub Voracek.
14:45 of 3rd period - Shot Blocked by David Schlemko.
14:47 of 3rd period - Shot by Chris Phillips.
14:47 of 3rd period - Stopped by Brian Elliott without a rebound.
14:48 of 3rd period - Dustin Jeffrey wins face-off versus Lauri Korpikoski in Sharks zone.
15:07 of 3rd period - Shot by Shane Doan.
15:07 of 3rd period - Stopped by Kari Lehtonen without a rebound.
15:08 of 3rd period - Lauri Korpikoski wins face-off versus Derek Roy in Oilers zone.
16:26 of 3rd period - Shot by Kyle Quincey.
16:26 of 3rd period - Stopped by Kari Lehtonen without a rebound.
16:27 of 3rd period - Dustin Jeffrey wins face-off versus Andrew Shaw in Oilers zone.
16:27 of 3rd period - Nicklas Grossmann is hit by Andrew Shaw and loses puck.
16:37 of 3rd period - Chris Phillips is hit by David Schlemko and loses puck.
16:49 of 3rd period - Icing by Kyle Quincey.
16:50 of 3rd period - Colin McDonald wins face-off versus Andrew Shaw in Sharks zone.
17:03 of 3rd period - Minor Penalty to Andrew Shaw for Holding Stick.
17:04 of 3rd period - Lauri Korpikoski wins face-off versus Derek Roy in Sharks zone.
17:25 of 3rd period - Icing by Jakub Voracek.
17:26 of 3rd period - Derek Roy wins face-off versus Lauri Korpikoski in Oilers zone.
19:16 of 3rd period - Nicklas Grossmann is hit by Mike Ribeiro and loses puck.
19:31 of 3rd period - Shot by Reilly Smith.
19:31 of 3rd period - Stopped by Brian Elliott without a rebound.
19:32 of 3rd period - Tyler Bozak wins face-off versus Dustin Jeffrey in Sharks zone.
19:32 of 3rd period - Tyler Bozak is hit by Drew Miller.
19:42 of 3rd period - Shot by Ryan Malone.
19:42 of 3rd period - Stopped by Kari Lehtonen without a rebound.
19:43 of 3rd period - Mike Ribeiro wins face-off versus Derek Roy in Oilers zone.


Output by the SimonT Hockey Simulator (STHS) for Stephane Roy -- Original Page W3C XHTML 1.0 Valid
Hockey Simulator - Hockey Simulation - Hockey Manager